 Dungeon Crawl Stone Soup version 0.20.0 (webtiles) character file.

2234 aesoa the Carver (level 9, -9/62 HPs)
             Began as an Octopode Monk on June 22, 2017.
             Was a Believer of Yredelemnul.
             Killed by divine providence
             ... invoked by an orc priest
              (11 damage)
             ... on level 6 of the Dungeon.
             The game lasted 00:28:55 (6303 turns).

aesoa the Carver (Octopode Monk)                    Turns: 6303, Time: 00:28:56

Health: -9/62      AC:  1    Str: 16    XL:     9   Next: 36%
Magic:  9/9        EV: 17    Int: 12    God:    Yredelemnul [**....]
Gold:   326        SH:  0    Dex: 17    Spells: 8/8 levels left

rFire    . . .     SeeInvis .   a - +0 falchion
rCold    . . .     Gourm    .   (no shield)
rNeg     . . .     Faith    +   (helmet restricted)
rPois    .         Spirit   .   v - amulet of faith
rElec    .         Reflect  .   B - ring of flight
rCorr    .         Harm     .   C - +3 ring of slaying
MR       .....                  (no ring)
Stlth    +++.......             (no ring)
Regen    0.2/turn               (no ring)
MPRegen  0.2/turn               (no ring)
                                (no ring)
                                (no ring)

@: mighty, drained
A: almost no armour, stealthy swim, amphibious, 8 rings, constrict 8, camouflage
1, gelatinous body 1
a: Animate Remains, Recall Undead Slaves, Injury Mirror, Renounce Religion,
Evoke Flight


You were on level 6 of the Dungeon.
You worshipped Yredelemnul.
Yredelemnul was pleased with you.
You were hungry.

You visited 2 branches of the dungeon, and saw 8 of its levels.
You also visited: Sewer.

You collected 326 gold pieces.

Inventory:

Hand Weapons
 a - a +0 falchion (weapon)
 D - a +0 arbalest
Missiles
 F - 18 bolts
Jewellery
 c - an uncursed amulet of regeneration
 v - an amulet of faith (around mantle)
 B - a ring of flight (left tentacle)
 C - a +3 ring of slaying (right tentacle)
Wands
 i - a wand of scattershot (9/9)
 m - a wand of iceblast (5/15)
 r - a wand of disintegration (12/24)
 y - a wand of paralysis (14/24)
Scrolls
 j - a scroll of blinking {unknown}
 o - a scroll of recharging
 s - a scroll of fear
 t - 6 scrolls of teleportation
 x - 2 scrolls of identify
 z - 3 scrolls of remove curse
Potions
 d - a potion of ambrosia {unknown}
 e - a potion of degeneration {unknown}
 k - 4 potions of flight {unknown}
 l - 4 potions of magic {unknown}
 n - a potion of brilliance {unknown}
 q - 3 potions of might
 u - 2 potions of curing {unknown}
 w - a potion of agility {unknown}
 A - a potion of invisibility {unknown}
Comestibles
 b - 5 bread rations
 g - 6 meat rations
 h - 2 fruits
 p - 3 royal jellies


   Skills:
 - Level 6.1(5.1) Fighting
 + Level 9.3(8.2) Long Blades
 - Level 7.1(6.1) Dodging
 - Level 2.6(1.7) Stealth


You had 8 spell levels left.
You didn't know any spells.

Dungeon Overview and Level Annotations

Branches:
Dungeon (7/15)             Temple (1/1) D:7

Altars:
Ashenzari
Dithmenos
Elyvilon
Fedhas
Gozag
Hepliaklqana
Kikubaaqudgha
Makhleb
Nemelex Xobeh
Okawaru
Ru
Trog
Vehumet
Xom
Yredelemnul
Zin


Innate Abilities, Weirdness & Mutations

You cannot wear most types of armour.
You are very stealthy in the water. (Stealth+)
You are amphibious.
You can wear up to eight rings at the same time.
You can use your tentacles to constrict eight enemies at once.
Your skin changes colour to match your surroundings (Stealth+).
Your rubbery body absorbs attacks. (AC +1, EV +1)


Message History

Beogh smites you!
* * * LOW HITPOINT WARNING * * *
The orc wizard begins to cast a cantrip, but forgets the words!
The orc priest calls upon Beogh to heal the orc wizard.
The orc wizard's wounds heal themselves!
The orc priest mumbles some strange prayers to Beogh against you.
Beogh smites you!
* * * LOW HITPOINT WARNING * * *
You feel much better. The orc warrior completely misses you.
You feel very mighty all of a sudden.
The orc warrior hits you with a dire flail of draining!!
* * * LOW HITPOINT WARNING * * *
You feel drained.
* * * LOW HITPOINT WARNING * * *
You barely miss the orc warrior. You grab the orc warrior.
You constrict the orc warrior.
The orc priest invokes the aid of Beogh against you.
Beogh smites you!
You die...
Your body rises from the dead as a mindless zombie.

*,,,,,,* *...>.# *,
#######+#########.....##*****
#.......................,,***
#.......................,,*,,
#.......................,,*,,
#.......................,,*,,
#.......................,,*,,
#...........†...........,,+,,
#...........@o...o...(.(,,*,,
***##...........oo....(.....,,***
,,,#.......###########+###.(,,,,,
.,,#.......#,,,,,,,,,,,,,*,,,,,,,
.,,#.......#,,,,,,,,,,,,,*,,,,,,,
,,,#.......#,,,,,,,,,,,,,*,,,,,,,
...#.......#,,,,,,,,,,,,,*,,,,,,,
...#.......#**********+***,,,,,,,
...#.........,,,,,,,,,,,,,,,,,,,,


You could see an orc warrior, an orc priest, an orc wizard and an orc.

Vanquished Creatures
  Prince Ribbit (D:7)
  Duvessa (D:7)
  An ice beast (D:5)
  An orc warrior (D:7)
  An ogre (D:4)
  A sky beast (D:5)
  A centaur (D:5)
  2 big kobolds (Sewer)
  Dowan (D:7)
  2 bullfrogs (D:7)
  A wyvern skeleton (D:5)
  4 killer bees (D:7)
  The ghost of NoxCultor the Grave Robber, a weakling TeNe (D:3)
  A crimson imp (D:5)
  A quasit (D:5)
  4 hounds (D:5)
  2 jellies
  2 orc priests
  4 orc wizards
  An iguana (D:5)
  Terence (D:2)
  4 worker ants
  A hound skeleton (D:5)
  3 gnolls (D:4)
  13 adders
  3 river rats
  3 shadow imps (D:6)
  An adder zombie (D:5)
  An adder skeleton (D:3)
  9 worms
  4 leopard geckos
  15 orcs
  8 bats
  8 giant cockroaches
  5 goblins
  5 hobgoblins
  13 jackals
  4 quokkas
  5 ball pythons
  6 frilled lizards
  10 kobolds
  A quokka skeleton (D:4)
  17 rats
173 creatures vanquished.

Notes
Turn   | Place    | Note
-------+----------+-------------------------------------------
     0 | D:1      | aesoa the Octopode Monk began the quest for the Orb.
     0 | D:1      | Reached XP level 1. HP: 16/16 MP: 1/1
   227 | D:1      | Reached XP level 2. HP: 21/21 MP: 2/2
   660 | D:1      | Reached XP level 3. HP: 27/27 MP: 3/3
   957 | D:2      | Reached XP level 4. HP: 27/34 MP: 4/4
  1327 | D:2      | Noticed Terence
  1351 | D:2      | Killed Terence
  1351 | D:2      | Reached skill level 5 in Fighting
  1472 | D:3      | Reached XP level 5. HP: 21/39 MP: 5/5
  1601 | D:3      | Found a blossoming altar of Fedhas.
  2011 | D:3      | Noticed NoxCultor's ghost (weakling TeNe)
  2038 | D:3      | Killed NoxCultor's ghost
  2324 | D:4      | Noticed an ogre
  2524 | D:4      | Killed an ogre
  2524 | D:4      | Reached XP level 6. HP: 46/46 MP: 6/6
  2900 | D:4      | Reached skill level 5 in Dodging
  2969 | D:4      | Found a glowing drain.
  2976 | Sewer    | Entered a sewer
  3034 | Sewer    | Reached XP level 7. HP: 52/52 MP: 7/7
  3784 | D:5      | Entered Level 5 of the Dungeon
  3886 | D:5      | Found a shimmering altar of Xom.
  3892 | D:5      | Reached XP level 8. HP: 43/57 MP: 8/8
  3999 | D:6      | Reached skill level 4 in Long Blades
  4261 | D:6      | Found a hazy altar of Hepliaklqana.
  4285 | D:7      | Noticed Dowan
  4307 | D:7      | Reached skill level 5 in Long Blades
  4315 | D:7      | Noticed Prince Ribbit
  4342 | D:7      | HP: 1/57 [Prince Ribbit (18)]
  4345 | D:7      | Killed Prince Ribbit
  4345 | D:7      | Reached skill level 6 in Long Blades
  4354 | D:7      | Noticed Duvessa
  4373 | D:7      | Killed Duvessa
  4373 | D:7      | Reached skill level 7 in Long Blades
  4388 | D:7      | Killed Dowan
  4514 | D:7      | Reached XP level 9. HP: 47/62 MP: 9/9
  4571 | D:7      | Found a staircase to the Ecumenical Temple.
  4587 | Temple   | Entered the Ecumenical Temple
  4696 | Temple   | Became a worshipper of Yredelemnul the Dark
  4696 | Temple   | Reached * piety under Yredelemnul
  4696 | Temple   | Reached ** piety under Yredelemnul
  4806 | D:7      | Reached skill level 8 in Long Blades
  5415 | D:5      | Reached skill level 9 in Long Blades
  6300 | D:6      | HP: 3/62 [orc priest/divine providence (15)]
  6303 | D:6      | Killed from afar by an orc priest

Skill      XL: |  1  2  3  4  5  6  7  8  9 |
---------------+----------------------------+-----
Fighting       | 4 5 6 |  6.1
Dodging        | 4 5 7 |  7.1
Long Blades    | 7 9 |  9.3
Stealth        | |  2.6

Action                   |  1- 3 |  4- 6 |  7- 9 || total
-------------------------+-------+-------+-------++-------
Melee: Falchion          |    43 |   145 |   191 ||   379
       Constrict         |    13 |    39 |    60 ||   112
       Tentacles         |     8 |    31 |    64 ||   103
 Fire: Arbalest          |       |       |     6 ||     6
  Use: Scroll            |       |    10 |     2 ||    12
       Potion            |       |       |     4 ||     4
 Stab: Sleeping          |     8 |    19 |    12 ||    39
       Distracted        |       |     1 |       ||     1
  Eat: Chunk             |       |     6 |    11 ||    17
Armor: Skin              |     2 |     5 |     6 ||    13
Dodge: Dodged            |    33 |   103 |   167 ||   303
       Rpst.: Falchion   |    15 |    38 |    57 ||   110
